 Dungeon Crawl Stone Soup version 0.25-a0-294-gea9b1ad378 (webtiles) character file.

Game seed: 3174066129165536158, levelgen mode: classic

137 Borgoz the Cutter (level 5, -10/32 HPs)
             Began as a Kobold Gladiator on Dec 16, 2019.
             Killed from afar by an adder (21 damage)
             ... with an exploding inner flame
             ... hexed by the player character
             ... on level 2 of the Dungeon.
             The game lasted 00:03:28 (2398 turns).

Borgoz the Cutter (Kobold Gladiator)                Turns: 2398, Time: 00:03:29

Health: -10/32     AC:  7    Str: 18    XL:     5   Next: 43%
Magic:  5/5        EV: 15    Int:  9    God:
Gold:   66         SH:  4    Dex: 16    Spells: 4/4 levels left

rFire    + . .     SeeInvis .   l - -3 dagger (curse)
rCold    . . .     Gourm    .   o - +0 buckler
rNeg     . . .     Faith    .   m - +1 ring mail {rF+}
rPois    .         Spirit   .   c - +0 helmet
rElec    .         Reflect  .   (no cloak)
rCorr    .         Harm     .   (no gloves)
MR       .....                  (no boots)
Stlth    +.........             (no amulet)
HPRegen  0.10/turn              (no ring)
MPRegen  0.09/turn              (no ring)

@: mighty
A: small, carnivore
a: no special abilities


You were on level 2 of the Dungeon.
You were completely stuffed.

You visited 1 branch of the dungeon, and saw 3 of its levels.

You collected 66 gold pieces.

Inventory:

Hand Weapons
 a - a +0 rapier
 i - a +1 dagger of venom
 l - a cursed -3 dagger (weapon)
Missiles
 d - 3 throwing nets (quivered)
Armour
 c - a +0 helmet (worn)
 m - a +1 ring mail of fire resistance (worn)
 o - a +0 buckler (worn)
Scrolls
 g - a scroll of noise {unknown}
Potions
 j - 3 potions of heal wounds {unknown}
 k - 2 potions of curing
 n - 2 potions of mutation {unknown}
Comestibles
 b - a chunk of flesh
 f - 3 rations


   Skills:
 * Level 3.2 Fighting
 * Level 5.1 Short Blades
 - Level 2.1 Throwing
 + Level 1.0 Armour
 * Level 4.8 Dodging
 + Level 1.8 Stealth
 + Level 0.0 Shields


You had 4 spell levels left.
You didn't know any spells.
Your spell library was empty.

Dungeon Overview and Level Annotations

Branches:
Dungeon (3/15)

Altars:


Innate Abilities, Weirdness & Mutations

You are small and have problems with some larger weapons.
You are carnivorous and can eat meat at any time.


Message History

* * * LOW HITPOINT WARNING * * *
As you read the scroll of identify, it crumbles to dust.
p - a potion of might You feel sick.
The orc closely misses you. The adder barely misses you.
Something hits you but does no damage.
You feel better. The adder barely misses you. The orc misses you.
You block the orc's attack. Something hits you but does no damage.
The adder closely misses you.
You feel very mighty all of a sudden. The orc completely misses you.
The orc misses you. The adder misses you.
Something hits you but does no damage.
You miss the adder.
The adder is severely wounded.
The orc barely misses you. The adder barely misses you. The orc misses you.
Something hits you.
You puncture the adder!
The adder explodes!
The fiery explosion engulfs you!! You resist.
Ouch! That really hurt!
You die...

..................#
.##....[.....[....#
.##....÷..........#
.##...............#
.##.............>.#
.#######...(......#
.# #........§§# ##
#.......{o§#
#.......o@§#
############


You could see 2 orcs.

Vanquished Creatures
  An orc wizard (D:3)
  Jessica (D:2)
  2 adders (D:2)
  2 worms (D:2)
  A dart slug (D:1)
  4 orcs (D:3)
  7 bats
  8 goblins
  7 hobgoblins
  2 jackals
  3 ball pythons
  2 frilled lizards
  6 kobolds
  6 rats
52 creatures vanquished.

Notes
Turn   | Place    | Note
-------+----------+-------------------------------------------
     0 | D:1      | Borgoz the Kobold Gladiator began the quest for the Orb.
     0 | D:1      | Reached XP level 1. HP: 12/12 MP: 1/1
   328 | D:1      | Reached XP level 2. HP: 18/18 MP: 2/2
   518 | D:1      | Reached XP level 3. HP: 22/22 MP: 3/3
   771 | D:1      | Reached skill level 1 in Stealth
  1471 | D:2      | Reached XP level 4. HP: 19/27 MP: 4/4
  1831 | D:2      | Noticed Jessica
  1842 | D:2      | Killed Jessica
  1842 | D:2      | Reached skill level 1 in Armour
  2104 | D:3      | Reached XP level 5. HP: 27/32 MP: 5/5
  2106 | D:3      | Reached skill level 5 in Short Blades
  2398 | D:2      | Killed from afar by an adder

Levels and vault maps discovered:
D:1:      dpeg_arrival_water_fire, layout_basic
D:2:      layout_rooms, first_ration, uniq_jessica
D:3:      layout_basic, lemuel_statue_altar

Skill      XL: |  1  2  3  4  5 |
---------------+----------------+-----
Dodging        | 4 |  4.8
Stealth        | 1 |  1.8
Fighting       | 3 |  3.2
Armour         | 1 |  1.0
Short Blades   | 5 |  5.1
Throwing       | |  2.1

Action                   |  1- 3 |  4- 6 || total
-------------------------+-------+-------++-------
Melee: Rapier            |    46 |       ||    46
       Dagger            |    48 |   108 ||   156
  Use: Scroll            |       |     3 ||     3
       Potion            |       |     3 ||     3
  Eat: Chunk             |     9 |     4 ||    13
Armor: Leather armour    |    16 |     6 ||    22
       Ring mail         |       |    24 ||    24
Dodge: Dodged            |    72 |    95 ||   167
Block: Buckler           |       |    11 ||    11

Table legend:
 A = Non-vault XP
 B = Vault XP
 C = Vault XP percentage of total XP
 D = Non-vault monster count
 E = Vault monster count
 F = Vault count percentage of total count
                 A         B        C        D         E       F
            +---------+---------+-------+---------+---------+-------
      Total |     159 |      37 |  18.9 |      51 |       1 |   1.9
            +---------+---------+-------+---------+---------+-------
        D:1 |      37 |       0 |   0.0 |      21 |       0 |   0.0
        D:2 |      62 |      37 |  37.4 |      20 |       1 |   4.8
        D:3 |      60 |       0 |   0.0 |      10 |       0 |   0.0
            +---------+---------+-------+---------+---------+-------
